 Dungeon Crawl Stone Soup version 0.29.1-13-g9f3cf754e1 (webtiles) character file.

Game seed: 2911152838370212500

130 cheesebisquit the Digger (level 5, -2/28 HPs)
             Began as a Gargoyle Earth Elementalist on Jan 24, 2023.
             Slain by a gnoll
             ... wielding a +0 flail
              (6 damage)
             ... on level 4 of the Dungeon.
             The game lasted 00:09:50 (3230 turns).

cheesebisquit the Digger (GrEE)                     Turns: 3230, Time: 00:09:51

Health: -2/28      AC:  9    Str: 11    XL:     5   Next: 14%
Magic:  7/9        EV:  6    Int: 21    God:
Gold:   149        SH:  0    Dex:  9    Spells: 6/10 levels left

rFire   . . .      SeeInvis .   g - +0 flail
rCold   . . .      Faith    .   (no shield)
rNeg    + . .      Spirit   .   a - +0 robe
rPois   ∞          Reflect  .   h - +0 helmet
rElec   +          Harm     .   o - +0 cloak
rCorr   .          Rampage  .   (no gloves)
Will    .....      Clarity  +   x - +0 pair of boots
Stlth   ++........              f - amulet of the acrobat
HPRegen 0.09/turn               p - ring of wizardry
MPRegen 0.11/turn               (no ring)

@: attractive, held
A: sickness immunity, AC +4, negative energy resistance 1, electricity
resistance, torment resistance 1, petrification resistance, clarity, clever 1
a: no special abilities


You were on level 4 of the Dungeon.
You visited 1 branch of the dungeon, and saw 4 of its levels.

You collected 149 gold pieces.

Inventory:

Hand Weapons
 g - a +0 flail (weapon)
Missiles
 l - 4 poisoned darts
 m - 6 boomerangs
Armour
 a - a +0 robe (worn)
 c - a scarf of harm
 h - a +0 helmet (worn)
 o - a +0 cloak (worn)
 x - a +0 pair of boots (worn)
Jewellery
 f - an amulet of the acrobat (around neck)
 p - a ring of wizardry (left hand)
 r - a ring of magical power
 s - an amulet of guardian spirit
Wands
 v - a wand of charming (5)
Scrolls
 d - a scroll of summoning {unknown}
 i - a scroll of identify {unknown}
 n - a scroll of immolation {unknown}
 q - a scroll of enchant armour {unknown}
 t - a scroll of vulnerability {unknown}
 u - a scroll of acquirement {unknown}
Potions
 b - 3 potions of magic
 e - a potion of mutation
 j - a potion of attraction
 k - 2 potions of curing {unknown}
 w - 2 potions of heal wounds {unknown}


   Skills:
 - Level 1.9 Dodging
 - Level 2.7 Stealth
 + Level 3.2 Spellcasting
 - Level 1.2 Transmutations
 + Level 5.0 Earth Magic


You had 6 spell levels left.
You knew the following spells:

 Your Spells              Type           Power      Damage    Failure   Level
a - Sandblast             Erth           48%        2d12      1%          1
b - Stone Arrow           Conj/Erth      28%        3d8       6%          3

Your spell library contained the following spells:

 Spells                   Type           Power      Damage    Failure   Level
 Passwall                 Tmut/Erth      13%        N/A       2%          2
 Petrify                  Tmut/Erth      16%        N/A       14%         4
 Summon Guardian Golem    Hex/Summ       3%         N/A       16%         3
 Orb of Destruction       Conj           1%         9d5       100%        7
 Spellforged Servitor     Conj/Summ      1%         N/A       100%        7


Dungeon Overview and Level Annotations

Branches:
Dungeon (4/15)
 Temple: D:4-7

Altars:

Shops:
D:2 :


Innate Abilities, Weirdness & Mutations

You are immune to sickness and miasma.
Your stone body is resilient. (AC +4)
You are immune to poison.
You resist negative energy. (rN+)
You are resistant to electric shocks. (rElec)
You are resistant to unholy torment.
You are immune to petrification.
You possess an exceptional clarity of mind.
Your mind is acute. (Int +4, Str/Dex -1)


Message History

You are held in a net!
You are held in a net!
You are held in a net!
Aiming: Sandblast (safe; 1% risk of failure)
Press: ? - help, Q - select action, (/) - cycle Shift-Dir - straight line, f/p - ogre
Aim: an ogre, wielding a +0 giant spiked club (moderately wounded, 92% to hit)
The blast of sand hits the ogre!
The ogre is almost dead.
The ogre hits you with a +0 giant spiked club.
The gnoll hits you with a +0 club. The gnoll hits you but does no damage.
The adder bites you but does no damage.
A gnoll comes into view. It is wielding a +0 spear.
Okay, then.
Okay, then.
You struggle against the net.
The adder bites you but does no damage. The ogre barely misses you.
The gnoll hits you with a +0 club. The gnoll hits you but does no damage.
A gnoll comes into view. It is wielding a +0 flail.
The adder bites you but does no damage.
You struggle against the net.
The gnoll closely misses you. The gnoll barely misses you.
The ogre hits you with a +0 giant spiked club!
* * * LOW HITPOINT WARNING * * *
The adder bites you but does no damage. The gnoll hits you but does no damage.
It was a potion of mutation.
You feel extremely strange.
You feel clever.
Your thoughts seem clearer.
The gnoll shouts! x2
An orc comes into view. It is wielding a +0 flail.
The gnoll completely misses you. The gnoll hits you but does no damage.
The adder bites you.
* * * LOW HITPOINT WARNING * * *
The gnoll hits you but does no damage.
It was a potion of attraction.
You feel attractive to monsters.
A kobold comes into view. It is wielding a +0 club.
The gnoll hits you but does no damage. The ogre completely misses you.
The adder bites you but does no damage.
An orc comes into view. It is wielding a +0 short sword.
The gnoll hits you with a +0 flail.
You die...

..
.#..#........
.........#.
.........
.......# .
.$....## ...
.g....#
K..gg##gO...##
....ggg@g....#
....o.Sg.#.....
.o......... ...
o............ .
....#..........
....#.........#
... ...........
.. ...........#


You could see an ogre, a gnoll bouda, 8 gnolls, an adder, 3 orcs and a kobold.

Vanquished Creatures
  An iguana (D:4)
  2 gnolls
  3 adders
  A dart slug (D:1)
  An orc (D:3)
  3 bats (D:1)
  8 endoplasms
  2 giant cockroaches (D:1)
  8 goblins
  A hobgoblin (D:1)
  2 quokkas (D:2)
  6 ball pythons
  4 frilled lizards
  7 kobolds
  5 rats
54 creatures vanquished.

Notes
Turn   | Place    | Note
-------+----------+-------------------------------------------
     0 | D:1      | cheesebisquit the Gargoyle Earth Elementalist began the
                  | quest for the Orb.
     0 | D:1      | Reached XP level 1. HP: 10/10 MP: 3/3
   207 | D:1      | Reached skill level 1 in Transmutations
   207 | D:1      | Reached XP level 2. HP: 15/15 MP: 3/5
   402 | D:1      | Reached XP level 3. HP: 12/19 MP: 0/6
   764 | D:1      | Reached skill level 4 in Earth Magic
   812 | D:1      | Found a faded altar of an unknown god.
  1719 | D:2      | Found Raticref's Vocational Training.
  2077 | D:2      | Reached XP level 4. HP: 24/24 MP: 4/8
  2426 | D:2      | Learned a level 3 spell: Stone Arrow
  3193 | D:4      | Reached XP level 5. HP: 28/28 MP: 6/9
  3222 | D:4      | Noticed an ogre
  3224 | D:4      | Reached skill level 5 in Earth Magic
  3229 | D:4      | Gained mutation: Your mind is acute. (Int +4, Str/Dex -1)
                  | [potion of mutation]
  3229 | D:4      | Gained mutation: You possess an exceptional clarity of
                  | mind. [potion of mutation]
  3230 | D:4      | Slain by a gnoll

Illustrated notes

Levels and vault maps discovered:
D:1:      giann_wishing_wells, layout_basic,
          shapermc_ecumenical_altar_mp_highgroup, minmay_fountain_box,
          minmay_pentomino_q2
D:2:      layout_basic, serial_curves, eino_curves_02, eino_curves_04,
          nicolae_shop_vocational
D:3:      layout_basic
D:4:      layout_cave_pools, minmay_temple_entry_from_below_b, serial_shops,
          shop, minmay_box_of_dots

Skill      XL: |  1  2  3  4  5 |
---------------+----------------+-----
Transmutations | 1 |  1.2
Earth Magic    | 4 5 |  5.0
Spellcasting   | 3 |  3.2
Dodging        | |  1.9
Stealth        | |  2.7

Action                   |  1- 3 |  4- 6 || total
-------------------------+-------+-------++-------
Melee: Flail             |     7 |       ||     7
 Cast: Sandblast         |    60 |    29 ||    89
  Use: Potion            |       |     2 ||     2
Armor: Robe              |     4 |    18 ||    22
Dodge: Dodged            |    14 |    16 ||    30
